 Dungeon Crawl Stone Soup version 0.25.1-2-g60ff931df9 (webtiles) character file.

Game seed: 15352572875537555317

314 gruber the Covert (level 6, 0/51 HPs)
             Began as a Gnoll Wanderer on Aug 21, 2020.
             Was an Initiate of Gozag.
             Slain by a scorpion (2 damage)
             ... on level 5 of the Dungeon.
             The game lasted 00:03:29 (3967 turns).

gruber the Covert (Gnoll Wanderer)                  Turns: 3967, Time: 00:03:30

Health: 0/51       AC:  6    Str:  8    XL:     6   Next: 43%
Magic:  8/8        EV: 11    Int: 18    God:    Gozag
Gold:   180        SH:  0    Dex: 15    Spells: 8/8 levels left

rFire    . . .     SeeInvis .   a - +2 quarterstaff
rCold    . . .     Gourm    .   (shield currently unavailable)
rNeg     . . .     Faith    .   b - +0 ring mail
rPois    .         Spirit   .   (no helmet)
rElec    .         Reflect  .   (no cloak)
rCorr    .         Harm     .   r - +0 pair of gloves
MR       .....                  (no boots)
Stlth    +++.......             (no amulet)
HPRegen  0.17/turn              h - -4 ring of strength (curse)
MPRegen  0.11/turn              (no ring)

@: lethally poisoned (0 -> -13)
A: distributed training, fangs 1, strong nose
a: Potion Petition, Call Merchant, Bribe Branch, Renounce Religion


You were on level 5 of the Dungeon.
You worshipped Gozag.
Gozag was aware of your devotion.
You were hungry.

You visited 1 branch of the dungeon, and saw 5 of its levels.

You collected 236 gold pieces.
You paid 56 gold pieces to Gozag.

Inventory:

Hand Weapons
 a - a +2 quarterstaff (weapon)
 d - a +0 dagger
 l - a +2 vorpal halberd
Missiles
 v - 2 throwing nets (quivered)
Armour
 b - a +0 ring mail (worn)
 r - a +0 pair of gloves (worn)
 w - a +0 cloak
Magical Staves
 x - an uncursed staff of death
Jewellery
 h - a cursed -4 ring of strength (left hand)
Wands
 t - a wand of flame (11)
Scrolls
 c - 4 scrolls of teleportation
 p - 5 scrolls of identify {unknown}
 s - a scroll of fog {unknown}
 u - 2 scrolls of remove curse {unknown}
 y - a scroll of enchant weapon {unknown}
Potions
 e - a potion of magic
 g - 2 potions of haste {unknown}
 i - a potion of stabbing {unknown}
 j - a potion of might {unknown}
 k - a potion of cancellation {unknown}
 m - a potion of flight {unknown}
 n - 2 potions of brilliance {unknown}
 o - a potion of lignification {unknown}
Comestibles
 f - 5 rations


   Skills:
 + Level 5.0 Fighting
 + Level 1.9 Short Blades
 + Level 1.9 Long Blades
 + Level 1.9 Axes
 + Level 1.9 Maces & Flails
 + Level 1.9 Polearms
 + Level 5.0 Staves
 + Level 1.9 Slings
 + Level 1.9 Bows
 + Level 3.2 Crossbows
 + Level 1.9 Throwing
 + Level 1.9 Armour
 + Level 3.2 Dodging
 + Level 8.0 Stealth
 + Level 1.9 Shields
 + Level 1.9 Unarmed Combat
 + Level 1.9 Spellcasting
 + Level 1.5 Conjurations
 + Level 1.5 Hexes
 + Level 1.5 Charms
 + Level 1.5 Summonings
 + Level 1.5 Necromancy
 + Level 1.5 Translocations
 + Level 1.5 Transmutations
 + Level 1.5 Fire Magic
 + Level 1.5 Ice Magic
 + Level 1.5 Air Magic
 + Level 1.5 Earth Magic
 + Level 1.5 Poison Magic
 + Level 2.1 Invocations
 + Level 1.9 Evocations


You had 8 spell levels left.
You didn't know any spells.
Your spell library contained the following spells:

 Spells                   Type           Power        Failure   Level  Hunger
 Animate Skeleton         Necr           N/A          28%         1    #......
 Apportation              Tloc           #.....       28%         1    #......
 Corona                   Hex            #......      28%         1    #......
 Magic Dart               Conj           #...         28%         1    #......
 Summon Small Mammal      Summ           #...         28%         1    #......
 Blink                    Tloc           N/A          41%         2    ###....
 Call Imp                 Summ           #.......     41%         2    ###....
 Slow                     Hex            #.......     41%         2    ###....
 Conjure Flame            Conj/Fire      #.......     65%         3    ###....
 Mephitic Cloud           Conj/Pois/Air  #.......     65%         3    ###....


Dungeon Overview and Level Annotations

Branches:
Dungeon (5/15)             Temple (0/1) D:4

Altars:
Ashenzari
Gozag
Trog


Innate Abilities, Weirdness & Mutations

Your experience applies equally to all skills.
You have very sharp teeth.
Your uncanny sense of smell can sniff out nearby items.


Message History

The scorpion is moderately wounded.
You feel sick. The scorpion barely misses you.
You hit the scorpion.
You bite the scorpion, but do no damage.
The scorpion is severely wounded.
You feel sick. The scorpion barely misses you.
You hit the scorpion but do no damage. Your bite misses the scorpion.
The scorpion is severely wounded.
You feel sick. The scorpion stings you.
* * * LOW HITPOINT WARNING * * *
You hit the scorpion.
The scorpion is almost dead.
* * * LOW HITPOINT WARNING * * *
You feel sick. The scorpion stings you.
* * * LOW HITPOINT WARNING * * *
It was a potion of magic.
Magic courses through your body.
* * * LOW HITPOINT WARNING * * *
You feel sick. The scorpion stings you.
You die...
Your body crumbles into a pile of gold.

#.#.##.#######.####
#.#...........%....
#.#..#.#...........
#.##.#.#...........
#. #.#)#...........
#. #.#.#...........
#. #...#......[....
#s###..###.#.#a....
#(@).%...#.#.# ....
#####..#.#.#.# .##
##>#.#.#.# # #.#
#.#.# #.# #. .# .#
.# .#


You could see a scorpion.

Vanquished Creatures
  2 hounds
  An orc priest (D:4)
  A bullfrog skeleton (D:4)
  A centaur skeleton (D:4)
  4 gnolls (D:2)
  2 adders (D:4)
  A shadow imp (D:3)
  2 oozes
  3 worms (D:2)
  A dart slug (D:3)
  11 orcs
  A giant cockroach (D:1)
  8 goblins
  11 hobgoblins
  A quokka (D:4)
  2 ball pythons
  8 bats
  6 frilled lizards
  12 kobolds
  11 rats
89 creatures vanquished.

Notes
Turn   | Place    | Note
-------+----------+-------------------------------------------
     0 | D:1      | gruber the Gnoll Wanderer began the quest for the Orb.
     0 | D:1      | gruber set off with the following items: a +2 quarterstaff,
                  | a +0 ring mail, a scroll of teleportation, a +0 dagger, a
                  | ration
     0 | D:1      | Reached XP level 1. HP: 20/20 MP: 1/1
   262 | D:1      | Reached XP level 2. HP: 26/26 MP: 2/2
   520 | D:1      | Reached XP level 3. HP: 31/31 MP: 3/3
   948 | D:2      | Reached skill level 1 in Invocations
  1014 | D:2      | Reached skill level 1 in Short Blades
  1014 | D:2      | Reached skill level 1 in Long Blades
  1014 | D:2      | Reached skill level 1 in Axes
  1014 | D:2      | Reached skill level 1 in Maces & Flails
  1014 | D:2      | Reached skill level 1 in Polearms
  1014 | D:2      | Reached skill level 1 in Slings
  1014 | D:2      | Reached skill level 1 in Bows
  1014 | D:2      | Reached skill level 1 in Throwing
  1014 | D:2      | Reached skill level 1 in Armour
  1014 | D:2      | Reached skill level 1 in Shields
  1014 | D:2      | Reached skill level 1 in Unarmed Combat
  1014 | D:2      | Reached skill level 1 in Spellcasting
  1014 | D:2      | Reached skill level 1 in Evocations
  1014 | D:2      | Reached XP level 4. HP: 29/38 MP: 5/5
  1856 | D:2      | Reached skill level 1 in Conjurations
  1856 | D:2      | Reached skill level 1 in Hexes
  1856 | D:2      | Reached skill level 1 in Charms
  1856 | D:2      | Reached skill level 1 in Summonings
  1856 | D:2      | Reached skill level 1 in Necromancy
  1856 | D:2      | Reached skill level 1 in Translocations
  1856 | D:2      | Reached skill level 1 in Transmutations
  1856 | D:2      | Reached skill level 1 in Fire Magic
  1856 | D:2      | Reached skill level 1 in Ice Magic
  1856 | D:2      | Reached skill level 1 in Air Magic
  1856 | D:2      | Reached skill level 1 in Earth Magic
  1856 | D:2      | Reached skill level 1 in Poison Magic
  2396 | D:3      | Reached XP level 5. HP: 40/43 MP: 5/7
  2468 | D:3      | Found a bloodstained altar of Trog.
  2883 | D:4      | Reached skill level 8 in Stealth
  2946 | D:4      | Reached XP level 6. HP: 50/50 MP: 8/8
  3180 | D:3      | Found a shattered altar of Ashenzari.
  3441 | D:4      | Found a staircase to the Ecumenical Temple.
  3469 | D:4      | Found an opulent altar of Gozag.
  3533 | D:4      | Became a worshipper of Gozag Ym Sagoz the Greedy
  3612 | D:4      | Reached skill level 5 in Fighting
  3612 | D:4      | Reached skill level 5 in Staves
  3870 | D:5      | Entered Level 5 of the Dungeon
  3967 | D:5      | HP: 2/51 [poisoned by a scorpion]
  3967 | D:5      | Slain by a scorpion

Illustrated notes

Levels and vault maps discovered:
D:1:      dpeg_arrival_tiny_a, layout_loops_ring
D:2:      layout_basic
D:3:      layout_rooms, nicolae_overflow_hidden_temple, bloody_trog
D:4:      corexii_shack_village, layout_loops_ring, kennysheep_mini,
          minmay_temple_entry_junction_2, minmay_misc_feat_nine_boxes
D:5:      layout_basic, lemuel_crystal_altar, basic_altar, first_ration

Skill      XL: |  1  2  3  4  5  6 |
---------------+-------------------+-----
Invocations    | 1 2 |  2.1
Short Blades   | 1 |  1.9
Long Blades    | 1 |  1.9
Axes           | 1 |  1.9
Maces & Flails | 1 |  1.9
Polearms       | 1 |  1.9
Slings         | 1 |  1.9
Bows           | 1 |  1.9
Throwing       | 1 |  1.9
Armour         | 1 |  1.9
Shields        | 1 |  1.9
Unarmed Combat | 1 |  1.9
Spellcasting   | 1 |  1.9
Evocations     | 1 |  1.9
Conjurations   | 1 |  1.5
Hexes          | 1 |  1.5
Charms         | 1 |  1.5
Summonings     | 1 |  1.5
Necromancy     | 1 |  1.5
Translocations | 1 |  1.5
Transmutations | 1 |  1.5
Fire Magic     | 1 |  1.5
Ice Magic      | 1 |  1.5
Air Magic      | 1 |  1.5
Earth Magic    | 1 |  1.5
Poison Magic   | 1 |  1.5
Crossbows      | 3 |  3.2
Dodging        | 3 |  3.2
Stealth        | 8 |  8.0
Fighting       | 5 |  5.0
Staves         | 5 |  5.0

Action                   |  1- 3 |  4- 6 || total
-------------------------+-------+-------++-------
Melee: Quarterstaff      |    72 |   164 ||   236
       Bite              |     7 |    12 ||    19
       Halberd           |       |    10 ||    10
  Use: Potion            |       |     1 ||     1
 Stab: Sleeping          |     6 |    19 ||    25
       Distracted        |       |     1 ||     1
  Eat: Chunk             |       |     9 ||     9
Armor: Ring mail         |    33 |    47 ||    80
Dodge: Dodged            |    36 |    98 ||   134
